 Dungeon Crawl Stone Soup version 0.26-a0-649-gf8c6c3aab7 (webtiles) character file.

Game seed: 5658296142975767070

104766 mg7810 the Peltast (level 15, -12/129 HPs)
             Began as a Minotaur Fighter on Sept 26, 2020.
             Was a High Priest of Qazlal.
             Mangled by a tentacle (14 damage)
             ... attached to a kraken
             ... on level 4 of the Shoals.
             The game lasted 01:38:44 (29137 turns).

mg7810 the Peltast (Minotaur Fighter)              Turns: 29137, Time: 01:38:45

Health: -12/129    AC: 37    Str: 27    XL:     15   Next: 92%
Magic:  22/22      EV:  7    Int:  5    God:    Qazlal [*****.]
Gold:   1289       SH:  0    Dex: 13    Spells: 14/14 levels left

rFire    . . .     SeeInvis .   I - +6 war axe (elec)
rCold    + . .     Faith    .   c - +1 kite shield
rNeg     + . .     Spirit   .   H - +3 crystal plate armour {rC+}
rPois    .         Reflect  +   F - +1 hat
rElec    .         Harm     .   y - +2 cloak {rCorr}
rCorr    +         Rampage  .   E - +1 pair of gloves {Dex+3}
MR       ++...                  k - +2 pair of boots
Stlth    ..........             h - amulet of reflection
HPRegen  0.31/turn              q - ring of protection from magic
MPRegen  0.18/turn              T - ring of positive energy

@: confused, protected from physical damage, mesmerised, studying Shields, repel
missiles
A: retaliatory headbutt, horns 2
a: Upheaval, Elemental Force, Disaster Area, Renounce Religion


You were on level 4 of the Shoals.
You worshipped Qazlal.
Qazlal was extremely pleased with you.
You visited 5 branches of the dungeon, and saw 25 of its levels.
You also visited: Ice Cave.

You collected 2297 gold pieces.
You spent 1008 gold pieces at shops.

Inventory:

Hand Weapons
 a - a +1 war axe of chaos
 A - a +0 war axe of freezing
 B - a +0 short sword of distortion
 I - a +6 war axe of electrocution (weapon)
 M - a +1 war axe of flaming
Missiles
 d - 63 boomerangs
 i - 93 poisoned darts (quivered)
 n - 9 javelins
 s - 2 boomerangs of dispersal
 G - 9 curare-tipped darts
 Q - 6 silver javelins
Armour
 c - a +1 kite shield (worn)
 k - a +2 pair of boots (worn)
 y - a +2 cloak of preservation (worn)
 E - a +1 pair of gloves of dexterity (worn)
 F - a +1 hat (worn)
 H - a +3 crystal plate armour of cold resistance (worn)
Jewellery
 g - an uncursed amulet of regeneration
 h - an amulet of reflection (around neck)
 m - an uncursed ring of resist corrosion
 q - a ring of protection from magic (left hand)
 v - an uncursed ring of magical power
 T - a ring of positive energy (right hand)
Wands
 b - a wand of flame (31)
 e - a wand of digging (17)
 j - a wand of enslavement (11)
 t - a wand of random effects (31)
 z - a wand of polymorph (9)
 J - a wand of acid (11)
 O - a wand of iceblast (17)
Scrolls
 w - 2 scrolls of teleportation
 x - a scroll of immolation
 N - a scroll of magic mapping
 P - 2 scrolls of fog
 S - a scroll of remove curse
 U - a scroll of silence
 W - 3 scrolls of identify
Potions
 p - 3 potions of cancellation
 r - 9 potions of curing
 u - a potion of flight
 C - 2 potions of might
 D - 3 potions of mutation
 K - 6 potions of ambrosia
 L - a potion of berserk rage
 V - 2 potions of stabbing
 X - a potion of lignification
 Y - a potion of haste
Books
 l - a manual of Shields
Miscellaneous
 f - a lightning rod (4/4)
 R - a phial of floods
 Z - a condenser vane (1/2)


   Skills:
 + Level 11.0 Fighting
 + Level 16.2 Axes
 * Level 7.3 Throwing
 + Level 11.0 Armour
 + Level 4.6 Dodging
 + Level 17.4 Shields
 + Level 3.7 Unarmed Combat
 * Level 11.1 Invocations
 * Level 10.5 Evocations


You had 14 spell levels left.
You didn't know any spells.
Your spell library contained the following spells:

 Spells                   Type           Power        Failure   Level
 Animate Skeleton         Necr           #.....       100%        1
 Apportation              Tloc           #.....       100%        1
 Corona                   Hex            #......      100%        1
 Pain                     Necr           #...         100%        1
 Passwall                 Tmut/Erth      #.......     100%        2
 Slow                     Hex            #.......     100%        2
 Sublimation of Blood     Necr           #.........   100%        2
 Swiftness                Air            #.......     100%        2
 Confusing Touch          Hex            #.......     100%        3
 Gell's Gravitas          Tloc           #.........   100%        3
 Inner Flame              Hex/Fire       #.......     100%        3
 Lesser Beckoning         Tloc           #.........   100%        3
 Portal Projectile        Hex/Tloc       #.....       100%        3
 Static Discharge         Conj/Air       #.......     100%        3
 Tukima's Dance           Hex            #.......     100%        3
 Vampiric Draining        Necr           #.........   100%        3
 Cause Fear               Hex            #.........   100%        4
 Leda's Liquefaction      Hex/Erth       #.........   100%        4
 Passage of Golubria      Tloc           N/A          100%        4
 Petrify                  Tmut/Erth      #.......     100%        4
 Alistair's Intoxication  Tmut/Pois      #........    100%        5
 Lee's Rapid Deconstruct  Erth           #.........   100%        5
 Lightning Bolt           Conj/Air       #.........   100%        5
 Metabolic Englaciation   Hex/Ice        #.........   100%        5
 Yara's Violent Unravell  Hex/Tmut       #.........   100%        5
 Invisibility             Hex            #.......     100%        6
 Ignition                 Fire           #.........   100%        8
 Shatter                  Erth           #.........   100%        9
 Tornado                  Air            #.........   100%        9


Dungeon Overview and Level Annotations

Branches:
Dungeon (12/15)            Temple (1/1) D:5            Lair (6/6) D:9
 Shoals (4/4) Lair:3        Snake (0/4) Lair:4        Slime (0/5) Lair:5
    Orc (2/2) D:10            Elf (0/3) Orc:2         IceCv (visited)

Altars:
Ashenzari
Cheibriados
Dithmenos
Elyvilon
Fedhas
Gozag
Hepliaklqana
Kikubaaqudgha
Makhleb
Nemelex Xobeh
Okawaru
Qazlal
Ru
Sif Muna
Trog
Uskayaw
Vehumet
Wu Jian
Xom
Yredelemnul
Zin
The Shining One
Beogh

Shops:
D:6 *(   D:7 [}[?[   Orc:2 ![[(

Annotations:
Lair:5 3 runed translucent doors, Riymurr's ghost, journeyman MfMo


Innate Abilities, Weirdness & Mutations

You reflexively headbutt those who attack you in melee.
You have a pair of horns on your head.


Message History

The tentacle is engulfed in blazing flames.
The tentacle slaps you but does no damage.
Flame seeps out of the kraken.
The kraken is engulfed in blazing flames.
Flame seeps out of the kraken.
You slice the tentacle!! Lightning courses through the tentacle!
You kill the tentacle!
You hit the tentacle.
Flame seeps out of the kraken.
You hit the tentacle but do no damage. Lightning courses through the tentacle!
Flame seeps out of the kraken.
You slash the tentacle!
Flame seeps out of the kraken.
The merfolk avatar chants its luring song.
The tentacle is engulfed in blazing flames.
The tentacle slaps you.
* * * LOW HITPOINT WARNING * * *
Flame seeps out of the kraken.
The tentacle is engulfed in freezing vapours.
The tentacle slaps you but does no damage.
Flame seeps out of the kraken.
The tentacle slaps you!
You die...

#..........≈≈≈≈≈≈≈≈
#.$..###...........
#....###(..........
##............†.....
##............).≈≈...
#...............≈≈...
≈≈≈)≈≈≈............m≈m..
≈≈≈≈≈≈≈≈≈..≈.######§§...
≈≈≈≈≈≈≈≈≈≈≈≈##≈w@.☼#.mm.
≈≈≈≈≈≈≈≈≈≈≈##≈≈≈ww#§#...
≈≈≈≈≈≈≈≈≈≈≈#≈.○#X≈≈# #.≈
≈≈≈≈≈≈≈≈≈≈≈#≈.≈≈≈≈≈≈≈ ≈≈
≈≈≈≈≈≈≈≈≈≈≈#≈.≈##≈m≈≈#
#≈.. ≈#≈≈# #≈#φ ≈≈≈≈#
##≈# ..≈##


You could see a kraken (inner flame), a merfolk avatar (mesmerising, inner
flame), a merfolk javelineer and 3 tentacles.

Vanquished Creatures
  A kraken (Shoals:2)
  Polyphemus (Shoals:3)
  Roxanne (Shoals:3)
  An orc warlord (Orc:2)
  A dire elephant (Lair:6)
  A merfolk javelineer (Shoals:4)
  The ghost of Deesahac the Severer, a journeyman BaFi of Cheibriados (Lair:3)
  6 merfolk impalers
  7 hydras
  3 merfolk avatars
  2 catoblepae
  An ogre mage (Orc:1)
  A merfolk aquamancer (Shoals:2)
  Erica (D:8)
  An alligator snapping turtle (Shoals:4)
  5 two-headed ogres
  Urug (Lair:6)
  2 death yaks
  An orc high priest (Orc:2)
  Sonja (Orc:1)
  3 skeletal warriors (D:11)
  2 unseen horrors
  7 sea snakes
  11 harpies
  A deep elf mage (D:12)
  4 orc knights
  3 orc sorcerers (Orc:2)
  2 cyclopes
  2 ugly things
  6 fauns (Shoals:2)
  3 manticores
  5 black mambas
  A centaur zombie (D:12)
  A water nymph (Shoals:2)
  6 merfolk sirens
  5 elephants
  A torpor snail (Lair:6)
  8 cane toads
  2 ice statues (IceCv)
  Maggie (D:6)
  A gargoyle (D:11)
  A centaur skeleton (D:12)
  3 rime drakes
  8 ice devils (IceCv)
  4 kobold demonologists
  2 komodo dragons
  16 merfolk
  A queen bee (Lair:3)
  A hornet (D:8)
  4 polar bears
  6 trolls
  3 wind drakes
  9 hippogriffs
  2 snapping turtles
  3 dream sheep (Shoals:2)
  13 blink frogs
  Sigmund (D:6)
  2 vampires
  A shadow (D:11)
  A wyvern (D:10)
  6 water elementals
  A wraith (D:11)
  2 basilisks
  40 yaks
  3 vampire mosquitoes (Lair:1)
  An insubstantial wisp (Lair:1)
  4 nagas (Lair:4)
  4 wargs
  4 water moccasins
  39 orc warriors
  5 porcupines
  4 sky beasts
  A swamp drake (Lair:1)
  5 phantoms
  3 black bears
  3 ice beasts
  11 ogres
  A necrophage (D:9)
  16 wolves
  8 centaurs
  13 crocodiles
  4 big kobolds
  A hippogriff zombie (D:5)
  15 bullfrogs
  A water moccasin skeleton (D:9)
  39 killer bees
  3 wights (D:8)
  A quasit (D:8)
  2 jellies
  4 bullfrog zombies
  2 hounds
  35 orc priests
  3 bullfrog skeletons
  32 orc wizards
  2 iguanas
  6 worker ants
  5 hell rats (Lair:6)
  An ogre zombie (D:5)
  A human zombie (D:6)
  A hound zombie (D:9)
  2 hound skeletons
  A howler monkey skeleton (D:3)
  14 adders
  A shadow imp (D:7)
  7 white imps
  9 ufetubi
  2 adder zombies
  A worm zombie (Temple)
  4 adder skeletons
  2 orc skeletons
  3 worms (D:2)
  A dart slug (D:2)
  7 leopard geckos
  114 orcs
  6 bats
  5 giant cockroaches
  14 hobgoblins
  15 jackals
  11 quokkas
  A ball python zombie (D:5)
  8 frilled lizards
  6 goblins
  A jackal skeleton (D:4)
  2 jackal zombies
  33 kobolds
  A leopard gecko skeleton (D:3)
  2 leopard gecko zombies (D:5)
  15 orc zombies
  A quokka skeleton (D:4)
  A quokka zombie (D:6)
  5 rats
  A rat skeleton (D:4)
  A rat zombie (D:3)
  A bush (Lair:6)
  4 tentacles
829 creatures vanquished.

Vanquished Creatures (collateral kills)
  An orc warlord (Orc:1)
  A reaper (IceCv)
  3 hydras
  A catoblepas (Lair:6)
  A deep troll shaman (Lair:6)
  A two-headed ogre (D:12)
  3 death yaks
  An ice devil (IceCv)
  A yak (D:11)
  An orc warrior (Orc:1)
  2 ogres (Orc:1)
  An orc wizard (Orc:1)
  A white imp (IceCv)
  5 orcs (Orc:1)
  A kobold (D:11)
  A bush (Lair:6)
25 creatures vanquished.

Vanquished Creatures (others)
  A kobold demonologist (D:11)
  A hound zombie (D:9)
  A white imp (IceCv)
  3 ufetubi (IceCv)
  2 orcs
  2 kobolds (D:6)
  28 fungi
  198 plants
  3 tentacles (Shoals:2)
239 creatures vanquished.

Grand Total: 1093 creatures vanquished

Notes
Turn   | Place    | Note
-------+----------+-------------------------------------------
     0 | D:1      | mg7810 the Minotaur Fighter began the quest for the Orb.
     0 | D:1      | Reached XP level 1. HP: 19/19 MP: 0/0
   335 | D:1      | Reached XP level 2. HP: 27/27 MP: 1/1
   950 | D:2      | Reached XP level 3. HP: 27/33 MP: 2/2
  1022 | D:2      | Reached skill level 1 in Dodging
  1086 | D:2      | Reached skill level 1 in Unarmed Combat
  1256 | D:2      | Reached skill level 4 in Shields
  1440 | D:2      | Found a faded altar of an unknown god.
  1452 | D:2      | Became a worshipper of Kikubaaqudgha
  1452 | D:2      | Reached * piety under Kikubaaqudgha
  1452 | D:2      | Identified Kikubaaqudgha's Tome of Necromancy
                  | (Kikubaaqudgha gifted it to you on level 2 of the Dungeon)
  1452 | D:2      | Received a gift from Kikubaaqudgha
  1453 | D:2      | Fell from the grace of Kikubaaqudgha
  1621 | D:3      | Reached XP level 4. HP: 40/40 MP: 3/3
  1943 | D:3      | HP: 2/40 [acid (9)]
  2004 | D:3      | Reached XP level 5. HP: 35/46 MP: 4/4
  2545 | D:4      | Found a shimmering altar of Xom.
  3100 | D:4      | Found a hide-covered altar of Uskayaw.
  3102 | D:4      | Noticed an ogre
  3114 | D:4      | Killed an ogre
  3114 | D:4      | Reached XP level 6. HP: 52/52 MP: 5/5
  3140 | D:4      | Reached skill level 5 in Axes
  3152 | D:4      | Reached skill level 5 in Shields
  3827 | D:5      | Entered Level 5 of the Dungeon
  3954 | D:5      | Reached XP level 7. HP: 60/60 MP: 6/6
  3970 | D:5      | Found a staircase to the Ecumenical Temple.
  3976 | Temple   | Entered the Ecumenical Temple
  4239 | Temple   | Became a worshipper of Qazlal Stormbringer
  4983 | D:6      | Reached skill level 1 in Invocations
  4983 | D:6      | Reached skill level 1 in Evocations
  5001 | D:6      | Noticed Sigmund
  5037 | D:6      | Killed Sigmund
  5261 | D:6      | Reached XP level 8. HP: 55/67 MP: 8/8
  5266 | D:6      | Reached skill level 5 in Armour
  5548 | D:6      | Found Keezul's Antique Weapon Boutique.
  5553 | D:6      | Noticed Maggie
  5566 | D:6      | Reached * piety under Qazlal
  5576 | D:6      | Killed Maggie
  5576 | D:6      | Reached skill level 5 in Fighting
  5576 | D:6      | Reached skill level 6 in Shields
  5588 | D:6      | Was forgiven by Kikubaaqudgha
  5870 | D:6      | Found Tysuxom's General Store.
  6530 | D:7      | Found Plog's Magic Scroll Emporium.
  6607 | D:7      | Found Nalesash's Gadget Shop.
  6670 | D:7      | Found Foli's Antique Armour Shoppe.
  6743 | D:7      | Reached XP level 9. HP: 49/74 MP: 10/10
  6973 | D:7      | Found Hadal's Armour Emporium.
  7035 | D:7      | Reached ** piety under Qazlal
  7121 | D:7      | Found Xurolat's Antique Armour Emporium.
  7547 | D:7      | Bought a scroll of brand weapon for 280 gold pieces
  7598 | D:8      | Got a masterwork dagger
  7620 | D:8      | Paralysed by a hornet for 1 turns
  7622 | D:8      | Paralysed by a hornet for 1 turns
  7663 | D:8      | Got an ancient dagger
  7738 | D:8      | Reached skill level 7 in Shields
  7907 | D:8      | Noticed a two-headed ogre
  7920 | D:8      | Killed a two-headed ogre
  8168 | D:8      | Found a bloodstained altar of Trog.
  8443 | D:8      | Noticed a two-headed ogre
  8454 | D:8      | Killed a two-headed ogre
  8454 | D:8      | Reached skill level 1 in Throwing
  8454 | D:8      | Reached XP level 10. HP: 62/83 MP: 12/12
  8682 | D:8      | Noticed Erica
  8705 | D:8      | Killed Erica
  8705 | D:8      | Reached skill level 10 in Axes
  8705 | D:8      | Reached skill level 8 in Shields
  9665 | D:9      | Found a staircase to the Lair.
  9713 | D:9      | Found an opulent altar of Gozag.
  9713 | D:9      | Found a hazy altar of Hepliaklqana.
  9713 | D:9      | Found a shimmering blue altar of Sif Muna.
  9713 | D:9      | Found a broken altar of Ashenzari.
  9714 | D:9      | Found a blossoming altar of Fedhas.
 10119 | D:10     | Entered Level 10 of the Dungeon
 10137 | D:10     | Reached skill level 5 in Evocations
 10265 | D:10     | Found a staircase to the Orcish Mines.
 10272 | D:10     | Reached *** piety under Qazlal
 10281 | Orc:1    | Entered Level 1 of the Orcish Mines
 10285 | Orc:1    | Noticed a two-headed ogre
 10288 | Orc:1    | Noticed an orc knight
 10291 | Orc:1    | Noticed a two-headed ogre
 10292 | Orc:1    | Noticed an ogre mage
 10389 | D:10     | Reached skill level 5 in Invocations
 10938 | D:10     | Reached skill level 9 in Shields
 11597 | Lair:1   | Entered Level 1 of the Lair of Beasts
 11625 | Lair:1   | Noticed a cane toad
 11634 | Lair:1   | Killed a cane toad
 11649 | Lair:1   | Reached XP level 11. HP: 88/91 MP: 13/13
 11684 | Lair:1   | Reached **** piety under Qazlal
 13204 | Lair:2   | Noticed a seven-headed hydra
 13210 | Lair:2   | Killed a six-headed hydra
 13229 | Lair:2   | Identified the +2 dagger "Saf Ywkabo" {speed, rPois Dex+4}
                  | (You found it on level 8 of the Dungeon)
 13230 | Lair:2   | Identified the +8 dagger of Midsummer {vorpal, +Rage rF+
                  | Int+3 Stlth+} (You found it on level 8 of the Dungeon)
 14105 | Lair:3   | Reached skill level 10 in Shields
 14116 | Lair:3   | Found a staircase to the Shoals.
 14529 | Lair:3   | Found a runed translucent door.
 14531 | Lair:3   | Noticed Deesahac's ghost (journeyman BaFi)
 14543 | Lair:3   | Reached XP level 12. HP: 94/101 MP: 16/16
 14599 | Lair:3   | Noticed a four-headed hydra
 14620 | Lair:3   | Killed a two-headed hydra
 14645 | Lair:3   | Noticed a four-headed hydra
 14659 | Lair:3   | Killed a one-headed hydra
 15143 | Lair:3   | Got a pair of crude boots
 15154 | Lair:3   | Identified the cursed +0 pair of boots "Gevasyocvent" {rF+
                  | Dex+3} (You found it on level 3 of the Lair of Beasts)
 15726 | D:11     | Reached skill level 11 in Shields
 17399 | D:12     | Reached ***** piety under Qazlal
 17425 | D:12     | Reached XP level 13. HP: 108/108 MP: 18/18
 17505 | D:12     | Reached skill level 12 in Shields
 17591 | D:12     | Found a frozen archway.
 17631 | IceCv    | Entered an ice cave
 17968 | IceCv    | Noticed a reaper
 17981 | IceCv    | Got a smouldering demon whip
 17983 | IceCv    | Killed a reaper
 18551 | D:12     | Identified the cursed +0 demon whip "Qaus" {venom, rN+
                  | Str+3 Int-4} (You found it in an ice cave)
 19187 | D:7      | Bought a scroll of acquirement for 728 gold pieces
 19195 | D:7      | Acquired a manual of Shields
 19451 | Orc:1    | Reached skill level 13 in Shields
 19540 | Orc:1    | Noticed Sonja
 19574 | Orc:1    | Noticed an orc warlord
 19587 | Orc:1    | Killed an orc warlord
 19688 | Orc:1    | Killed Sonja
 20786 | Orc:2    | Entered Level 2 of the Orcish Mines
 20963 | Orc:2    | Found a staircase to the Elven Halls.
 21025 | Orc:2    | Noticed an orc warlord
 21037 | Orc:2    | Reached XP level 14. HP: 110/118 MP: 20/20
 21046 | Orc:2    | Killed an orc warlord
 21100 | Orc:2    | Found a roughly hewn altar of Beogh.
 21102 | Orc:2    | Found Iqattu's Antique Armour Emporium.
 21348 | Orc:2    | Found Xyn Ysio's Antique Weapon Shop.
 21349 | Orc:2    | Found a roughly hewn altar of Beogh.
 21352 | Orc:2    | Found Guucad's Antique Armour Boutique.
 21515 | Orc:2    | Found a roughly hewn altar of Beogh.
 22057 | Orc:2    | Found a roughly hewn altar of Beogh.
 22104 | Orc:2    | Found a roughly hewn altar of Beogh.
 22124 | Orc:2    | Found Ojankaha's Distillery.
 22495 | Lair:3   | Killed Deesahac's ghost
 22777 | Lair:4   | Found a staircase to the Snake Pit.
 22789 | Lair:4   | Reached skill level 15 in Axes
 22933 | Lair:4   | Found a broken altar of Ashenzari.
 23470 | Lair:5   | Found a staircase to the Slime Pits.
 23579 | Lair:5   | Noticed Riymurr's ghost (journeyman MfMo)
 23616 | Lair:5   | Reached skill level 14 in Shields
 23618 | Lair:5   | Reached skill level 10 in Armour
 23626 | Lair:5   | Found a runed translucent gate.
 23626 | Lair:5   | Found a runed translucent gate.
 23626 | Lair:5   | Found a runed translucent gate.
 24097 | Lair:6   | Entered Level 6 of the Lair of Beasts
 24105 | Lair:6   | Noticed Urug
 24122 | Lair:6   | Killed Urug
 24122 | Lair:6   | Reached skill level 10 in Fighting
 24126 | Lair:6   | Reached skill level 5 in Throwing
 24131 | Lair:6   | HP: 4/121 [four-headed hydra/exploding inner flame[the
                  | player character] (16)]
 24131 | Lair:6   | Reached skill level 10 in Invocations
 24138 | Lair:6   | HP: 4/121 [poisoned by a cane toad]
 24748 | Lair:6   | Reached skill level 15 in Shields
 25683 | Shoals:1 | Entered Level 1 of the Shoals
 25776 | Shoals:1 | Reached XP level 15. HP: 99/127 MP: 21/21
 26733 | Shoals:2 | Reached skill level 10 in Evocations
 26856 | Shoals:2 | Reached skill level 16 in Shields
 27591 | Shoals:2 | Found a hazy altar of Hepliaklqana.
 27595 | Shoals:2 | Noticed a kraken
 27603 | Shoals:2 | Killed a kraken
 28013 | Shoals:3 | Noticed Polyphemus
 28028 | Shoals:3 | Killed Polyphemus
 28048 | Shoals:3 | Reached skill level 17 in Shields
 28711 | Shoals:3 | Identified Roxanne's Almanac of Transmutation
 28711 | Shoals:3 | Noticed Roxanne
 28746 | Shoals:3 | Killed Roxanne
 29033 | Shoals:4 | Entered Level 4 of the Shoals
 29130 | Shoals:4 | Noticed a kraken
 29136 | Shoals:4 | HP: 4/129 [tentacle[a kraken] (16)]
 29137 | Shoals:4 | Mangled by a tentacle

Illustrated notes

Levels and vault maps discovered:
D:1:      moated_graveyard_arrival, layout_loops_corners,
          hangedman_decor_peaks_small
D:2:      layout_basic, chequers_ecumenical_altar_simple_redux
D:3:      layout_rooms, kennysheep_boxes
D:4:      layout_basic, eat_drink_and_be_merry_uskayaw, xom_butterflies,
          supply_closet_lemuel
D:5:      layout_rooms, minmay_temple_entry_hall
D:6:      kennysheep_kobold_camp, layout_basic, serial_shops, shop,
          nicolae_shop_competitors_out_of_business, uniq_maggie, uniq_sigmund
D:7:      layout_loops_corners, serial_shops, nicolae_shop_waterfront,
          nicolae_shop_statue_plus, shop_fountains, nicolae_shop_crystal, shop
D:8:      layout_loops_cross, trog_hazing_becter, uniq_erica
D:9:      minmay_klotski, layout_basic, grunt_temple_overflow_open,
          lair_entry_dummy
D:10:     layout_grid_maze, david_orc_3
D:11:     layout_long_grid
D:12:     cheibrodos_barr_body, layout_irregular_city,
          portal_ice_cave_entry_animals_and_master
Temple:   regret_index_temple_waves
Lair:1:   layout_chaotic_city, pond, grunt_megastairs_1, lemuel_fruit_tree
Lair:2:   layout_cellular_growth
Lair:3:   layout_roguey [special_room_bee], minmay_shoals_entry_lonely_mermaid,
          ebering_ghost_inner_flame
Lair:4:   layout_regular_city, guppyfry_snake_entry_island, basic_altar
Lair:5:   layout_regular_city, slime_dummy, maelrawn_ghost_gauntlet_escape
Lair:6:   grunt_lair_end_beastmaster, layout_regular_city, st_stairs_13,
          uniq_urug
Shoals:1: layout_shoals
Shoals:2: layout_shoals, wheals_shoals_ruined_temple
Shoals:3: layout_shoals, nicolae_shoals_dead_sea_scrolls, uniq_roxanne,
          uniq_polyphemus
Shoals:4: shoals_end_hangedman, layout_shoals, lemuel_altar_in_water
Orc:1:    layout_caves, uniq_sonja
Orc:2:    grunt_orc_community_town_hall, layout_caves,
          grunt_orc_community_big_house_1, grunt_orc_community_big_house_1,
          grunt_orc_community_house_3, grunt_orc_community_house_1,
          grunt_orc_community_house_3, grunt_orc_community_house_3,
          grunt_orc_community_house_2, lightli_orcish_oven

Skill      XL: |  1  2  3  4  5  6  7  8  9 10 11 12 13 14 15 |
---------------+----------------------------------------------+-----
Armour         | 4 5 6 7 8 9 10 11 | 11.0
Axes           | 3 4 5 6 8 9 11 12 13 14 15 16 | 16.2
Dodging        | 1 2 3 4 |  4.6
Unarmed Combat | 1 2 3 |  3.7
Shields        | 4 5 6 7 9 10 11 13 15 17 | 17.4
Fighting       | 4 5 6 7 8 9 10 11 | 11.0
Invocations    | 1 2 4 5 7 8 9 10 11 | 11.1
Evocations     | 1 3 4 5 6 7 8 9 10 | 10.5
Throwing       | 1 2 3 5 7 |  7.3

Action                   |  1- 3 |  4- 6 |  7- 9 | 10-12 | 13-15 || total
-------------------------+-------+-------+-------+-------+-------++-------
Melee: War axe           |    92 |   148 |   371 |   729 |   910 ||  2250
       Headbutt          |     8 |    22 |    69 |   138 |   233 ||   470
Throw: Dart              |       |     5 |     7 |    13 |    19 ||    44
Invok: Renounce Religion |     1 |       |       |       |       ||     1
       Elemental Force   |       |       |       |     4 |    10 ||    14
       Upheaval          |       |       |       |     1 |       ||     1
       Disaster Area     |       |       |       |       |     3 ||     3
Evoke: Wand              |       |       |     1 |     6 |     9 ||    16
       Lightning rod     |       |       |       |       |     5 ||     5
       Phial of floods   |       |       |       |       |     1 ||     1
       Condenser vane    |       |       |       |       |     3 ||     3
  Use: Scroll            |     2 |     9 |     8 |    14 |    22 ||    55
       Potion            |       |     4 |     3 |     8 |    10 ||    25
 Stab: Petrified         |       |       |     3 |       |     4 ||     7
       Paralysed         |       |       |       |     3 |       ||     3
       Distracted        |       |       |       |     1 |     2 ||     3
       Petrifying        |       |       |       |     1 |     1 ||     2
Armor: Scale mail        |    30 |       |       |       |       ||    30
       Chain mail        |    10 |    21 |       |       |       ||    31
       Plate armour      |       |    36 |   160 |   244 |    39 ||   479
       Skin              |       |       |       |     7 |       ||     7
       Crystal plate arm |       |       |       |       |   323 ||   323
Dodge: Dodged            |    29 |    29 |    70 |   120 |   128 ||   376
       Repelled          |       |       |       |     2 |     6 ||     8
Block: Kite shield       |    55 |   103 |   326 |   773 |  1092 ||  2349
       Reflection        |       |     1 |    35 |    29 |    68 ||   133

Table legend: (Time is in decaauts)
 A = Elapsed time spent in this place.
 B = Non-inter-level travel time spent in this place.
 C = Inter-level travel time spent in this place.
 D = Time resting spent in this place.
 E = Time spent auto-exploring this place.
 F = Levels seen in this place.
 G = Mean time per level.
                   A        B        C        D        E       F      G
               +--------+--------+--------+--------+--------+-----+--------+
         Total |  29187 |  27028 |   2159 |     87 |  20707 |  26 | 1122.6 |
       Dungeon |  15087 |  13469 |   1618 |     16 |  10171 |  12 | 1257.2 |
        Temple |    426 |    388 |     38 |      0 |    313 |   1 |  426.0 |
          Lair |   6807 |   6392 |    415 |     71 |   5127 |   6 | 1134.5 |
        Shoals |   3558 |   3471 |     87 |      0 |   2688 |   4 |  889.5 |
  Orcish Mines |   2782 |   2782 |      0 |      0 |   2101 |   2 | 1391.0 |
      Ice Cave |    525 |    525 |      0 |      0 |    305 |   1 |  525.0 |
               +--------+--------+--------+--------+--------+-----+--------+

Top non-repeatable levels by time:
     D:6: 1863 daAuts
     D:8: 1809 daAuts
    D:11: 1618 daAuts
  Lair:3: 1590 daAuts
Shoals:2: 1538 daAuts
    D:10: 1484 daAuts
  Lair:6: 1481 daAuts
  Lair:1: 1423 daAuts
   Orc:1: 1415 daAuts
   Orc:2: 1366 daAuts
     D:9: 1352 daAuts
     D:4: 1351 daAuts
     D:7: 1251 daAuts
Shoals:3: 1092 daAuts
    D:12: 1081 daAuts
